 Dungeon Crawl Stone Soup version 0.30.1-4-g462c640d31 (webtiles) character file.

Game seed: 12552578034744063896

390 Logoto the Firebug (level 6, -1/47 HPs)
             Began as a Draconian Fire Elementalist on Aug 17, 2023.
             Was an Initiate of Vehumet.
             Slain by a jelly (3 damage)
             ... on level 4 of the Dungeon.
             The game lasted 00:14:26 (3968 turns).

Logoto the Firebug (Draconian Fire Elementalist)    Turns: 3968, Time: 00:14:27

Health: -1/47      AC: -2    Str: 12    XL:     6   Next: 50%
Magic:  0/11       EV: 12    Int: 16    God:    Vehumet [......]
Gold:   170        SH:  0    Dex: 11    Spells: 9/12 levels left

rFire   . . .        p - +0 hand axe
rCold   . . .        (no shield)
rNeg    . . .        (body armour unavailable)
rPois   .            (helmet restricted)
rElec   .            (no cloak)
rCorr   .            (no gloves)
SInv    .            (no boots)
Will    .....        (no amulet)
Stlth   ++           (no ring)
HPRegen 0.27/turn    (no ring)
MPRegen 0.12/turn

%: no passive effects
@: corroded
A: AC +6, unfitting armour, cold-blooded
a: Renounce Religion


You were on level 4 of the Dungeon.
You worshipped Vehumet.
Vehumet was noncommittal.
You visited 1 branch of the dungeon, and saw 4 of its levels.

You collected 170 gold pieces.

Inventory:

Hand Weapons
 g - a +0 whip
 p - a +0 hand axe (weapon)
Wands
 m - a wand of mindburst (9)
 r - a wand of flame (16)
Scrolls
 c - a scroll of enchant weapon {unknown}
 d - 3 scrolls of teleportation
 e - 2 scrolls of blinking
 f - a scroll of vulnerability {unknown}
 h - a scroll of brand weapon {unknown}
 i - a scroll of fog {unknown}
 j - a scroll of poison {unknown}
 l - a scroll of enchant armour {unknown}
Potions
 a - 2 potions of curing
 b - 2 potions of attraction {unknown}
 k - 2 potions of flight
 n - 2 potions of cancellation
 o - 2 potions of heal wounds
 q - a potion of resistance


   Skills:
 + Level 1.1 Fighting
 + Level 1.6(1.8) Axes
 + Level 1.0(1.4) Maces & Flails
 + Level 2.3 Dodging
 + Level 2.4 Stealth
 + Level 3.9 Spellcasting
 + Level 1.9 Conjurations
 + Level 4.7 Fire Magic


You had 9 spell levels left.
You knew the following spells:

 Your Spells              Type           Power      Damage    Failure   Level
a - Foxfire               Conj/Fire      52%        2x1d6     4%          1
b - Scorch                Fire           36%        2d6       3%          2

Your spell library contained the following spells:

 Spells                   Type           Power      Damage    Failure   Level
 Inner Flame              Hex/Fire       10%        N/A       19%         3
 Volatile Blastmotes      Fire/Tloc      20%        2d11      19%         3
 Flame Wave               Conj/Fire      13%        2d6       38%         4
 Fireball                 Conj/Fire      6%         3d5       75%         5
 Plasma Beam              Fire/Air       5%         2x1d17    100%        6
 Starburst                Conj/Fire      6%         6d4       100%        6


Dungeon Overview and Level Annotations

Branches:
Dungeon (4/15)
 Temple: D:4-7

Altars:
Makhleb
Vehumet
Wu Jian

Annotations:
D:4 1 runed translucent door


Innate Abilities, Weirdness & Mutations

Your plain brown scales are hard. (AC +6)
You cannot fit into any form of body armour.
You are cold-blooded and may be slowed by cold attacks.


Message History

Confirm with . or Enter, or press ? or * to list all spells.
You don't have enough magic to cast this spell.
You see here 5 stones.
The black bear rages.
Casting: Foxfire (safe; 4% risk of failure)
Confirm with . or Enter, or press ? or * to list all spells.
You conjure some foxfire!
The foxfire hits the black bear.
You kill the black bear!
Vehumet accepts your kill.
The foxfire hits the jelly.
The jelly is lightly wounded.
Your Fighting skill increases to level 1!
The jelly hits you but does no damage.
You hit the jelly.
Your hands burn!
The jelly is lightly wounded.
The jelly hits you but does no damage.
You completely miss the jelly.
The jelly is lightly wounded.
The jelly hits you. The acid corrodes you!
You are splashed with acid!
The jelly attacks as you move away! The jelly hits you. The acid corrodes you!
You are splashed with acid!
The jelly attacks as you move away! The jelly misses you.
The jelly attacks as you move away! The jelly hits you.
* * * LOW HITPOINT WARNING * * *
You are splashed with acid!
* * * LOW HITPOINT WARNING * * *
The jelly attacks as you move away! The jelly barely misses you.
You feel much better. The jelly hits you.
You are splashed with acid!
* * * LOW HITPOINT WARNING * * *
Casting: Foxfire (safe; 4% risk of failure)
Confirm with . or Enter, or press ? or * to list all spells.
Flames lash the jelly.
The jelly is heavily wounded.
The jelly's fire resistance burns away.
The jelly hits you.
* * * LOW HITPOINT WARNING * * *
You are splashed with acid.
* * * LOW HITPOINT WARNING * * *
The jelly attacks as you move away! The jelly hits you.
You die...

##...#.# #.#.#..#.#.#
#####.# #.#.#..#.#.# #.#
#.#.#..#.#.#
######(######.#.##.#.#.#
..............#......#.#
.#####†###########.###.###
.........................#
####...########J.#.###.#.#
.........#......@....#.#.#
.######.########.#.#.#.#.#
.# #.# #.#.#.#.#.# .#
####'## #.#.#.#.#.# .#
#.....# #.#.#.#.#.# .#
#.....#######.#.#.#.#.# .#
#.....'.......#...#†#.# +#
#.....#############.#.#
...#.....#.............#.#


You could see a jelly (combustible).

Vanquished Creatures
  A black bear (D:4)
  A jelly (D:4)
  A howler monkey (D:4)
  A hound (D:4)
  Terence (D:2)
  Robin (D:1)
  5 adders
  2 worms
  2 dart slugs (D:1)
  7 orcs
  6 ball pythons
  5 endoplasms
  16 goblins
  5 hobgoblins
  7 jackals
  9 kobolds
  A quokka (D:1)
  5 bats
  2 frilled lizards
  2 rats
80 creatures vanquished.

Vanquished Creatures (collateral kills)
  A foxfire (D:1)
1 creature vanquished.

Vanquished Creatures (others)
  127 foxfires
127 creatures vanquished.

Grand Total: 208 creatures vanquished

Notes
Turn   | Place    | Note
-------+----------+-------------------------------------------
     0 | D:1      | Logoto the Draconian Fire Elementalist began the quest for
                  | the Orb.
     0 | D:1      | Reached XP level 1. HP: 14/14 MP: 3/3
   441 | D:1      | Reached XP level 2. HP: 20/20 MP: 1/5
   447 | D:1      | Learned a level 2 spell: Scorch
   882 | D:1      | Reached XP level 3. HP: 26/26 MP: 0/6
  1316 | D:2      | Noticed Robin
  1622 | D:1      | Killed Robin
  1623 | D:1      | Reached XP level 4. HP: 26/33 MP: 0/7
  1890 | D:2      | Noticed Terence
  1928 | D:2      | Killed Terence
  1929 | D:2      | Reached skill level 1 in Maces & Flails
  1929 | D:2      | Reached skill level 4 in Fire Magic
  2314 | D:3      | Reached XP level 5. HP: 39/39 MP: 4/9
  2821 | D:3      | Found a radiant altar of Vehumet.
  2837 | D:3      | Became a worshipper of Vehumet
  3423 | D:4      | Found a runed translucent door.
  3872 | D:4      | Found an ornate altar of the Wu Jian Council.
  3875 | D:4      | Found a burning altar of Makhleb.
  3885 | D:4      | Reached skill level 1 in Axes
  3885 | D:4      | Reached XP level 6. HP: 40/46 MP: 5/11
  3952 | D:4      | Reached skill level 1 in Fighting
  3967 | D:4      | HP: 2/47 [acid (6)]
  3968 | D:4      | Slain by a jelly

Illustrated notes

Levels and vault maps discovered:
D:1:      erik_arrival_orb_chamber, layout_basic, minmay_bisected
D:2:      layout_rooms, kennysheep_big_empty_room, uniq_robin, uniq_terence
D:3:      cheibrodos_helix_gallery, layout_basic, vehumet_altar_wand_db
D:4:      layout_basic, mainiacjoe_overflow_big_doors,
          overflow_temple_1_default, gammafunk_ghost_grave, minmay_lizard_king

Skill      XL: |  1  2  3  4  5  6 |
---------------+-------------------+-----
Stealth        | 2 |  2.4
Dodging        | 2 |  2.3
Maces & Flails | 1 |  1.0
Fire Magic     | 4 |  4.7
Spellcasting   | 3 |  3.9
Axes           | 1 |  1.6
Fighting       | 1 |  1.1
Conjurations   | |  1.9

Action                     |  1- 3 |  4- 6 || total
---------------------------+-------+-------++-------
  Melee: Whip              |    40 |    12 ||    52
         Unarmed           |     1 |       ||     1
         Tailslap          |     1 |     8 ||     9
         Hand axe          |       |    23 ||    23
   Cast: Foxfire           |    40 |    46 ||    86
         Scorch            |    15 |    32 ||    47
    Use: Potion            |       |     2 ||     2
         Scroll            |       |     7 ||     7
   Stab: Sleeping          |       |     1 ||     1
 Armour: Skin              |    31 |    33 ||    64
  Dodge: Dodged            |    79 |    57 ||   136
